 Dungeon Crawl Stone Soup version 0.31.0-11-ge490571c62 (webtiles) character file.

Game seed: 5278138508066826373

185 qw the Shooter (level 5, -1/27 HPs)
             Began as a Spriggan Hunter on Feb 4, 2024.
             Slain by a gnoll
             ... wielding a +0 halberd
              (15 damage)
             ... on level 4 of the Dungeon.
             The game lasted 00:00:09 (2235 turns).

qw the Shooter (Spriggan Hunter)                    Turns: 2235, Time: 00:00:10

Health: -1/27      AC:  2    Str:  7    XL:     5   Next: 37%
Magic:  6/6        EV: 20    Int: 11    God:
Gold:   156        SH:  0    Dex: 20    Spells: 4/4 levels left

rFire   . . .        a - +0 shortbow
rCold   . . .        (shield currently unavailable)
rNeg    . . .        c - +0 robe
rPois   .            (helmet restricted)
rElec   .            (no cloak)
rCorr   +            (gloves unavailable)
SInv    +            (boots unavailable)
Will    .....        (no amulet)
Stlth   ++           g - ring of resist corrosion
HPRegen 0.24/turn    (no ring)
MPRegen 0.10/turn

%: no passive effects
@: very quick
A: very small, no large weapons, unfitting armour, see invisible, speed 3
a: no special abilities


You were on level 4 of the Dungeon.
You visited 1 branch of the dungeon, and saw 4 of its levels.

You collected 156 gold pieces.


Innate Abilities, Weirdness & Mutations

You are very small and have problems with some larger weapons.
You are too small for most types of armour.
You have supernaturally acute eyesight. (SInv)
You cover ground extremely quickly. (Speed+++)


   Skills:
 - Level 2.7 Fighting
 + Level 5.1 Ranged Weapons
 - Level 5.0 Dodging
 - Level 1.5 Stealth


You had 4 spell levels left.
You didn't know any spells.
Your spell library was empty.

Inventory:

Hand Weapons
 a - a +0 shortbow (weapon)
Armour
 c - a +0 robe (worn)
Jewellery
 g - a ring of resist corrosion (left hand)
 k - a ring of resist corrosion
Potions
 d - a potion of cancellation
 e - 2 potions of curing
 f - a potion of mutation
 h - a potion of might
 i - a potion of degeneration {unknown}
 j - a potion of enlightenment {unknown}

Dungeon Overview and Level Annotations

Branches:
Dungeon (4/15)
 Temple: D:4-7

Altars:
Ashenzari
Cheibriados
Elyvilon
Nemelex Xobeh


Message History

You shoot an arrow. The arrow barely misses the gnoll.
The arrow hits the orc.
The orc is lightly wounded.
The gnoll barely misses you. x2
You shoot an arrow. The arrow completely misses the gnoll.
The arrow hits the orc!
You kill the orc!
The gnoll hits you from afar with a +0 halberd.
The gnoll misses you.
You shoot an arrow. The arrow hits the gnoll!
You kill the gnoll!
The gnoll closely misses you.
You shoot an arrow.
The arrow closely misses the orc wizard.
The arrow hits the gnoll but does no damage.
The gnoll is heavily wounded.
The orc wizard hits you with a +0 dagger.
The gnoll misses you. The orc wizard misses you. The gnoll closely misses you.
You shoot an arrow. The arrow hits the orc wizard!
The orc wizard is severely wounded.
The orc wizard hits you but does no damage.
The gnoll closely misses you.
You shoot an arrow.
The arrow closely misses the orc wizard.
The arrow hits the gnoll.
The gnoll is almost dead.
The orc wizard points at you and mumbles some strange words.
You are confused.
The gnoll closely misses you.
2233 ||| DRINKING 3 potions of curing.
You feel better.
2233 ||| (to cure confusion)
The gnoll misses you. The orc wizard misses you.
You shoot an arrow. The arrow hits the orc wizard.
The orc wizard is almost dead.
The orc wizard hits you with a +0 dagger.
The gnoll misses you.
You shoot an arrow. The arrow hits the orc wizard.
You kill the orc wizard!
The gnoll hits you from afar with a +0 halberd!
Ouch! That really hurt!
You die...

######## #..>..# ##
#.....# ...##
#######.....#
......#..........##
......#....).....#
.......).........#
####.......<..#
#.########## #@#
#o# #...ggg...o..
#woo..........o
..J.........!o.
#..............
###..........##
###........#
.[........


You could see 3 gnolls and an orc.

Vanquished Creatures
  A scorpion (D:4)
  An orc wizard (D:4)
  3 adders
  A gnoll (D:4)
  A ribbon worm (D:3)
  A dart slug (D:1)
  3 orcs (D:4)
  9 ball pythons
  2 bats
  7 endoplasms
  2 giant cockroaches
  5 goblins
  8 hobgoblins
  11 jackals
  5 quokkas
  2 frilled lizards (D:1)
  3 kobolds
  6 rats
71 creatures vanquished.

Notes
Turn   | Place    | Note
-------+----------+-------------------------------------------
     0 | D:1      | qw the Spriggan Hunter began the quest for the Orb.
     0 | D:1      | Reached XP level 1. HP: 10/10 MP: 2/2
     0 | D:1      | 0 ||| qw: Version: 0.3-a-160-g6735b56
     0 | D:1      | 0 ||| qw: Game counter: 4794
     0 | D:1      | 0 ||| qw: Melee chars always use a shield: true
     0 | D:1      | 0 ||| qw: God list: Okawaru
     0 | D:1      | 0 ||| qw: Allow faded altars: false
     0 | D:1      | 0 ||| qw: Do Orc after clearing Dungeon:15 true
     0 | D:1      | 0 ||| qw: Do second Lair branch before Depths: true
     0 | D:1      | 0 ||| qw: Lair rune preference: random
     0 | D:1      | 0 ||| qw: Goals: Normal
     0 | D:1      | 0 ||| PLANNING D:1-11
    37 | D:1      | Reached skill level 3 in Dodging
    56 | D:1      | Reached XP level 2. HP: 14/14 MP: 3/3
   278 | D:1      | Reached XP level 3. HP: 18/18 MP: 4/4
   462 | D:1      | 462 ||| UPGRADING to ring of resist corrosion.
   463 | D:1      | 463 ||| READING 2 scrolls labelled YMIPYUMIUR.
   564 | D:1      | 564 ||| DRINKING 2 viscous sapphire potions.
   565 | D:1      | 565 ||| DROPPING scroll of butterflies.
   566 | D:1      | 566 ||| DROPPING scroll of vulnerability.
   567 | D:1      | 567 ||| DROPPING potion of invisibility.
  1363 | D:2      | Reached XP level 4. HP: 22/22 MP: 5/5
  1505 | D:2      | 1505 ||| READING scroll labelled FAUCUU KEH XIWK.
  1509 | D:2      | 1509 ||| DRINKING 2 fizzy blue potions.
  1510 | D:2      | 1510 ||| DROPPING potion of brilliance.
  1613 | D:3      | Found a faded altar of an unknown god.
  1864 | D:3      | Found a snail-covered altar of Cheibriados.
  1867 | D:3      | Found a white marble altar of Elyvilon.
  1874 | D:3      | Found a sparkling altar of Nemelex Xobeh.
  1914 | D:3      | Found a broken altar of Ashenzari.
  2128 | D:3      | 2128 ||| READING 2 scrolls labelled XAULEU PATAEM.
  2128 | D:3      | 2128 ||| IDENTIFYING green potion
  2129 | D:3      | 2129 ||| READING scroll of identify.
  2129 | D:3      | 2129 ||| IDENTIFYING pink potion
  2130 | D:3      | 2130 ||| DRINKING 2 black potions.
  2131 | D:3      | 2131 ||| DRINKING 4 bubbling black potions.
  2203 | D:4      | Noticed a scorpion
  2204 | D:4      | 2204 ||| RETREEEEATING.
  2225 | D:4      | Killed a scorpion
  2226 | D:4      | Reached XP level 5. HP: 12/27 MP: 6/6
  2233 | D:4      | 2233 ||| DRINKING 3 potions of curing.
  2233 | D:4      | 2233 ||| (to cure confusion)
  2235 | D:4      | Slain by a gnoll

Levels and vault maps discovered:
D:1:      psy_arrival_basics, layout_rooms, hangedman_decor_slide_cut, hex_tiny
D:2:      layout_loops_corners, dk_noncrumbling_4, minmay_misc_feat_alley,
          nrook_mini_vaults
D:3:      layout_rooms, grunt_temple_overflow_cloverleaf,
          dilly_ecumenical_altar_fadedgnrine, minivault_14, grunt_ministairs_9,
          corexii_item_surrounded_by_moat
D:4:      layout_basic, serial_shops,
          nicolae_shop_temple_entry_statues_fountains,
          minmay_misc_feat_ornament, minmay_unequal

Skill      XL: |  1  2  3  4 |
---------------+-------------+-----
Dodging        | 3 4 5 |  5.0
Ranged Weapons | 5 |  5.1
Fighting       | 2 |  2.7
Stealth        | |  1.5

Action                     |  1- 3 |  4- 6 || total
---------------------------+-------+-------++-------
   Fire: Shortbow          |   106 |    84 ||   190
    Use: Potion            |     1 |     4 ||     5
         Scroll            |     1 |     3 ||     4
 Armour: Robe              |    10 |    13 ||    23
  Dodge: Dodged            |    33 |    50 ||    83

Table legend:
 A = Non-vault XP
 B = Vault XP
 C = Vault XP percentage of total XP
 D = Non-vault monster count
 E = Vault monster count
 F = Vault count percentage of total count
                 A         B        C        D         E       F
            +---------+---------+-------+---------+---------+-------
      Total |     294 |       7 |   2.3 |      67 |       4 |   5.6
            +---------+---------+-------+---------+---------+-------
        D:1 |      43 |       0 |   0.0 |      23 |       0 |   0.0
        D:2 |      58 |       0 |   0.0 |      20 |       0 |   0.0
        D:3 |      45 |       7 |  13.5 |      17 |       4 |  19.0
        D:4 |     148 |       0 |   0.0 |       7 |       0 |   0.0
            +---------+---------+-------+---------+---------+-------
